 Dungeon Crawl Stone Soup version 0.17.0-15-g6d90897 (webtiles) character file.

675 deconix the Skirmisher (level 7, 0/58 HPs)
             Began as a Demonspawn Abyssal Knight on Nov 10, 2015.
             Was a Priest of Lugonu.
             Succumbed to an orc warrior's poison
             ... on level 6 of the Dungeon.
             The game lasted 01:02:14 (4702 turns).

deconix the Skirmisher (Demonspawn Abyssal Knight)  Turns: 4702, Time: 01:02:14

Health: 0/58       AC: 11    Str: 15    XL:     7   Next: 33%
Magic:  4/9        EV:  8    Int: 13    God:    Lugonu [***...]
Gold:   280        SH:  0    Dex: 12    Spells: 0 memorised, 6 levels left

rFire  + . .     SeeInvis .     a - +2 falchion
rCold  . . .     Clarity  .     n - +0 chain mail
rNeg   + . .     SustAt   .     (no shield)
rPois  .         Gourm    .     (no helmet)
rElec  .         Spirit   .     h - +0 cloak
rCorr  .         Warding  .     (no gloves)
rMut   .         Stasis   .     F - +0 pair of boots
MR     .....                    (no amulet)
Stlth  ..........               (no ring)
                                E - ring of positive energy

@: lethally poisoned (0 -> -17), not resistant to hostile enchantments,
extremely unstealthy
A: talons 2, fire resistance 1, powered by death 2
a: Depart the Abyss, Bend Space, Banish, Renounce Religion


You were on level 6 of the Dungeon.
You worshipped Lugonu.
Lugonu was most pleased with you.
You were full.

You visited 2 branches of the dungeon, and saw 7 of its levels.
You visited the Abyss 1 time.

You collected 280 gold pieces.

Inventory:

Hand Weapons
 a - a +2 falchion (weapon)
 c - a +0 hunting sling
 e - a +0 whip
 g - a +0 spear
 x - a +2 spear of piercing
 I - a +0 shortbow
 S - a +2 long sword of holy wrath
Missiles
 d - 24 bolts
 i - 16 poisoned needles
 s - 26 sling bullets
 G - 22 sling bullets of frost (quivered)
 P - 15 arrows of dispersal
Armour
 b - a +1 leather armour {PENIS}
 h - a +0 cloak (worn)
 m - a +0 ring mail
 n - a +0 chain mail (worn)
 o - a +0 leather armour
 r - a +0 leather armour
 v - a +2 large shield
 y - a +0 robe
 A - a +0 scale mail
 F - a +0 pair of boots (worn)
 N - a +0 helmet
 O - a +0 scale mail
Magical Staves
 D - an uncursed staff of conjuration {unknown}
Jewellery
 E - a ring of positive energy (left hand)
Wands
 H - a wand of slowing (30)
Scrolls
 p - 5 scrolls of remove curse
 q - 3 scrolls of recharging
 w - 4 scrolls of teleportation
 z - 3 scrolls of identify
 K - a scroll of summoning {unknown}
 Q - a scroll of blinking {unknown}
Potions
 j - a potion of curing {unknown}
 l - a potion of invisibility {unknown}
 t - a potion of brilliance {unknown}
 u - a potion of mutation {unknown}
 B - a potion of agility {unknown}
 C - a potion of cure mutation {unknown}
 M - 2 potions of might {unknown}
 R - a potion of berserk rage {unknown}
Comestibles
 f - a slice of pizza
 k - a royal jelly
 J - a bread ration


   Skills:
 + Level 6.1 Fighting
 - Level 2.3 Long Blades
 + Level 0.6 Slings
 - Level 2.2 Armour
 + Level 4.4 Dodging
 + Level 0.6 Shields
 + Level 3.3 Invocations


You had 6 spell levels left.
You didn't know any spells.

Dungeon Overview and Level Annotations

Branches:
Dungeon (6/15)             Temple (1/1) D:4

Altars:
Ashenzari
Dithmenos
Elyvilon
Fedhas
Gozag
Kikubaaqudgha
Nemelex Xobeh
Okawaru
Qazlal
Sif Muna
Vehumet
Yredelemnul


Innate Abilities, Weirdness & Mutations

You have razor-sharp toenails.
Your flesh is heat resistant.
You regenerate health from kills.


Message History

Things that are here:
a hand axe; 4 chunks of flesh
Press: ? - help, Shift-Dir - straight line, f - orc
Aim: an orc (translocational energy, chance to defeat MR: 91%)
You fail to use your ability.
* * * LOW HITPOINT WARNING * * *
You feel sick. The orc hits you.
* * * LOW HITPOINT WARNING * * *
* * * LOW HITPOINT WARNING * * *
You feel sick.
Drink which item? (? for menu, Esc to quit)
You can't drink that!
Space bends sharply around you!
The orc blinks!
You blink.
* * * LOW HITPOINT WARNING * * *
You feel slightly less full.
* * * LOW HITPOINT WARNING * * *
You feel sick.
* * * LOW HITPOINT WARNING * * *
You feel sick.
You die...

#..#.# #.....#......#
#..#.# #.....#......#
#.†#.###.....#......##
#.<#...'.....'.......#
#.######.....#.......#
#......'.....#.......#
########.........###....
###'##....###.###
#....'...@'......
###.##....##############
#...'....'o....)§..(...
##.##....################
#.##....................
#.#......###############
#.#......# # #.#<.....# #
#.##.....# #


There were no monsters in sight!

Vanquished Creatures
  A sky beast (D:5)
  A giant frog (D:6)
  A giant frog zombie (D:5)
  A hound (D:5)
  An orc wizard (D:5)
  3 worker ants
  A hound zombie (D:5)
  2 hound skeletons (D:4)
  10 gnolls
  6 adders
  An ooze (D:5)
  5 worms
  10 giant geckos
  5 orcs
  3 ball pythons
  6 giant cockroaches
  A goblin (D:2)
  12 hobgoblins
  A quokka (D:3)
  9 bats
  10 giant newts
  9 kobolds
  8 rats
  2 plants (D:3)
109 creatures vanquished.

Vanquished Creatures (others)
  An orc warrior (D:6)
1 creature vanquished.

Grand Total: 110 creatures vanquished

Notes
Turn   | Place    | Note
--------------------------------------------------------------
     0 | Abyss:1  | deconix the Demonspawn Abyssal Knight began the quest for the Orb.
     0 | Abyss:1  | Reached XP level 1. HP: 18/18 MP: 2/2
    71 | Abyss:1  | Noticed a quasit
    79 | Abyss:1  | Noticed an iron imp
    81 | Abyss:1  | Noticed a wretched star
   101 | Abyss:1  | Noticed a death drake
   102 | D:1      | Escaped the Abyss
   275 | D:1      | Reached skill level 1 in Dodging
   299 | D:1      | Reached * piety under Lugonu
   362 | D:1      | Gained mutation: Your flesh is heat resistant. [demonic ancestry]
   362 | D:1      | Reached XP level 2. HP: 9/24 MP: 3/3
   914 | D:1      | Reached XP level 3. HP: 20/29 MP: 5/5
   994 | D:2      | Found a white marble altar of Elyvilon.
  1253 | D:2      | Reached ** piety under Lugonu
  1338 | D:2      | Found a radiant altar of Vehumet.
  1354 | D:2      | Gained mutation: You regenerate a little health from kills. [demonic ancestry]
  1354 | D:2      | Reached XP level 4. HP: 35/37 MP: 6/6
  1630 | D:2      | Found a deep blue altar of Sif Muna.
  2353 | D:3      | Reached skill level 4 in Fighting
  2579 | D:3      | Reached *** piety under Lugonu
  2707 | D:3      | Gained mutation: You regenerate health from kills. [demonic ancestry]
  2707 | D:3      | Reached XP level 5. HP: 19/42 MP: 7/7
  2898 | D:4      | Found a shattered altar of Ashenzari.
  3083 | D:4      | Found a staircase to the Ecumenical Temple.
  3405 | D:4      | Gained mutation: You have sharp toenails. [demonic ancestry]
  3405 | D:4      | Reached XP level 6. HP: 46/49 MP: 8/8
  3600 | Temple   | Entered the Ecumenical Temple
  3777 | D:5      | Entered Level 5 of the Dungeon
  3788 | D:5      | Reached skill level 5 in Fighting
  3830 | D:5      | Found a stormy altar of Qazlal.
  4201 | D:5      | Gained mutation: You have razor-sharp toenails. [demonic ancestry]
  4201 | D:5      | Reached XP level 7. HP: 40/56 MP: 9/9
  4268 | D:5      | Reached **** piety under Lugonu
  4696 | D:6      | Reached skill level 6 in Fighting
  4701 | D:6      | HP: 2/58 [poisoned by an orc warrior]
  4702 | D:6      | Succumbed to an orc warrior's poison

Action                   |  1- 3 |  4- 6 |  7- 9 || total
-------------------------+-------+-------+-------++-------
Melee: Falchion          |   117 |   491 |    47 ||   655
 Fire: Hunting sling     |       |     2 |       ||     2
Invok: Depart the Abyss  |     1 |       |       ||     1
       Bend Space        |       |     1 |     1 ||     2
       Banish            |       |       |     1 ||     1
Evoke: Wand              |       |     1 |       ||     1
  Use: Scroll            |     9 |     4 |       ||    13
       Potion            |     1 |     3 |     1 ||     5
  Eat: Meat ration       |     1 |     1 |     1 ||     3
       Bread ration      |     1 |       |       ||     1
       Beef jerky        |       |       |     1 ||     1
